 Dungeon Crawl Stone Soup version 0.28.0-49-g6dfe1f597d (webtiles) character file.

Game seed: 9668329063595208143

164 Zeld the Ducker (level 5, -2/40 HPs)
             Began as a Djinni Monk on May 12, 2022.
             Slain by a hell rat (9 damage)
             ... in a sewer.
             The game lasted 00:03:18 (3381 turns).

Zeld the Ducker (Djinni Monk)                       Turns: 3381, Time: 00:03:19

Health: -2/40      AC:  4    Str: 12    XL:     5   Next: 73%
Gold:   90         EV: 13    Int: 12    God:
                   SH:  0    Dex: 15

rFire   + + .      SeeInvis .   a - +0 falchion
rCold   x . .      Faith    .   (no shield)
rNeg    . . .      Spirit   .   b - +0 robe
rPois   ∞          Reflect  .   q - +0 helmet
rElec   .          Harm     .   m - +0 cloak
rCorr   .          Rampage  .   (no gloves)
Will    .....                   (boots unavailable)
Stlth   ++........              (no amulet)
HPRegen 0.13/turn               (no ring)
MPRegen 0.00/turn               (no ring)

@: flying, very slightly contaminated
A: sickness immunity, fire resistance 2, cold vulnerability 1, float, innate
caster, HP casting, extra vitality 1
a: no special abilities


You were in a sewer.
You visited 1 branch of the dungeon, and saw 3 of its levels.
You also visited: Sewer.

You collected 90 gold pieces.

Inventory:

Hand Weapons
 a - a +0 falchion (weapon)
Armour
 b - a +0 robe (worn)
 m - a +0 cloak (worn)
 q - a +0 helmet (worn)
Scrolls
 c - a scroll of enchant armour {unknown}
 f - a scroll of identify {unknown}
 g - a scroll of teleportation {unknown}
 h - a scroll of magic mapping {unknown}
 i - a scroll of immolation {unknown}
 l - a scroll of noise {unknown}
Potions
 d - a potion of magic {unknown}
 e - a potion of haste {unknown}
 j - a potion of curing {unknown}
 k - a potion of resistance {unknown}


   Skills:
 + Level 3.4 Fighting
 * Level 3.7 Long Blades
 + Level 3.9 Dodging
 + Level 2.3 Stealth
 * Level 1.8 Spellcasting


You had 4 spell levels left.
You knew the following spells:

 Your Spells              Type           Power      Damage    Failure   Level
a - Sting                 Tmut/Pois      20%        1d4       13%         1
b - Ensorcelled Hibernat  Hex/Ice        10%        N/A       21%         2
Your spell library was empty.

Dungeon Overview and Level Annotations

Branches:
Dungeon (3/15)              Sewer (1/1)

Altars:
Wu Jian

Shops:
D:2 [


Innate Abilities, Weirdness & Mutations

You are immune to sickness and miasma.
You are immune to poison.
Your flesh is very heat resistant. (rF++)
You are vulnerable to cold. (rC-)
You float through the air rather than walking.
You learn spells naturally, not from books.
Your magical power is your life essence.
You have superior vitality. (+4 MHP)


Message History

Aiming: Sting (safe; 13% risk of failure)
Press: ? - help, Shift-Dir - straight line, f/p - hell rat
Aim: a hell rat (lightly wounded, very poisoned, 68% to hit)
The sting hits the hell rat.
The hell rat looks even sicker.
The hell rat is lightly wounded.
The hell rat bites you.
Unknown command.
Casting: Sting (safe; 13% risk of failure)
Confirm with . or Enter, or press ? or * to list all spells.
Aiming: Sting (safe; 13% risk of failure)
Press: ? - help, Shift-Dir - straight line, f/p - hell rat
Aim: a hell rat (lightly wounded, very poisoned, 68% to hit)
The sting hits the hell rat but does no damage.
The hell rat looks as sick as possible!
The hell rat is lightly wounded.
The hell rat bites you!
You hit the hell rat but do no damage.
The hell rat is lightly wounded.
The hell rat bites you!
* * * LOW HITPOINT WARNING * * *
The hell rat completely misses you.
Casting: Sting (safe; 13% risk of failure)
Confirm with . or Enter, or press ? or * to list all spells.
Aiming: Ensorcelled Hibernation (safe; 21% risk of failure)
Press: ? - help, Shift-Dir - straight line, f/p - hell rat
Aim: a hell rat (heavily wounded, extremely poisoned, chance to affect: 38%)
You miscast Ensorcelled Hibernation.
You are very lightly contaminated with residual magic.
Nothing appears to happen.
* * * LOW HITPOINT WARNING * * *
The hell rat closely misses you.
Casting: Ensorcelled Hibernation (safe; 21% risk of failure)
Confirm with . or Enter, or press ? or * to list all spells.
Aiming: Ensorcelled Hibernation (safe; 21% risk of failure)
Press: ? - help, Shift-Dir - straight line, f/p - hell rat
Aim: a hell rat (heavily wounded, very poisoned, chance to affect: 38%)
You miscast Ensorcelled Hibernation.
Nothing appears to happen.
* * * LOW HITPOINT WARNING * * *
The hell rat bites you!
You die...

#...≈≈#####..≈≈≈#
##≈≈≈###!∩$###≈≈≈##
#≈.≈ #.!!?!?≈##.≈≈#
#.≈≈ ≈≈≈≈≈.. #.≈≈#
#≈.≈# ≈≈≈≈≈ ##≈≈≈#
#.≈≈###.≈≈###.≈≈##
#.≈≈≈.##'##.≈...#
#≈...r.÷÷..≈###
###.≈@....###
#########


You could see a hell rat (very poisoned).

Vanquished Creatures
  Crazy Yiuf (D:2)
  An iguana (D:2)
  3 river rats (Sewer)
  3 adders
  A worm (D:2)
  2 dart slugs
  6 ball pythons
  3 endoplasms
  6 goblins
  5 hobgoblins
  3 quokkas (D:3)
  A bat (D:2)
  3 frilled lizards
  4 kobolds
  12 rats
54 creatures vanquished.

Notes
Turn   | Place    | Note
-------+----------+-------------------------------------------
     0 | D:1      | Zeld the Djinni Monk began the quest for the Orb.
     0 | D:1      | Reached XP level 1. HP: 20/20 MP: 0/0
   220 | D:1      | Reached XP level 2. HP: 25/25 MP: 0/0
  1188 | D:2      | Reached XP level 3. HP: 27/30 MP: 0/0
  1188 | D:2      | Learned a level 1 spell: Sting
  1228 | D:2      | Reached skill level 1 in Spellcasting
  1320 | D:2      | Reached XP level 4. HP: 28/35 MP: 0/0
  1320 | D:2      | Found a faded altar of an unknown god.
  1670 | D:2      | Found Efamuec's Antique Armour Shoppe.
  1819 | D:2      | Found an ornate altar of the Wu Jian Council.
  2099 | D:2      | Found a runed translucent door.
  2100 | D:2      | Noticed Crazy Yiuf
  2401 | D:2      | Killed Crazy Yiuf
  2402 | D:2      | Reached XP level 5. HP: 23/40 MP: 0/0
  2402 | D:2      | Learned a level 2 spell: Ensorcelled Hibernation
  2753 | D:3      | Found a glowing drain.
  2767 | Sewer    | Entered a sewer
  3381 | Sewer    | Slain by a hell rat

Illustrated notes

Levels and vault maps discovered:
D:1:      mrwooster_arrival_statue_3, layout_basic
D:2:      minmay_spotlight, layout_rooms,
          hellmonk_ecumenical_altar_pennies_from_heaven, basic_altar,
          serial_shops, shop, uniq_crazy_yiuf_cottage
D:3:      layout_loops_cross, serial_shops, shop_fountains,
          gup_sewer_entry_bubbles
Sewer:    sewer_hellmonk_bad_rat

Skill      XL: |  1  2  3  4 |
---------------+-------------+-----
Long Blades    | 3 |  3.7
Spellcasting   | 1 |  1.8
Stealth        | 2 |  2.3
Fighting       | |  3.4
Dodging        | |  3.9

Action                   |  1- 3 |  4- 6 || total
-------------------------+-------+-------++-------
Melee: Falchion          |    51 |   102 ||   153
       Punch             |       |     1 ||     1
 Cast: Sting             |     1 |    20 ||    21
       Ensorcelled Hiber |       |     3 ||     3
 Stab: Sleeping          |     2 |     4 ||     6
Armor: Robe              |     8 |    16 ||    24
Dodge: Dodged            |    26 |    87 ||   113
